 Dungeon Crawl Stone Soup version 0.24-a0-179-g7a2c91a (webtiles) character file.

Game seed: 568388453036138667

8249 Lanoc the Party-goer (level 11, -4/84 HPs)
             Began as a Formicid Fighter on Mar 13, 2019.
             Was a Follower of Uskayaw.
             Killed from afar by an electric eel (10 damage)
             ... with a bolt of electricity
             ... on level 11 of the Dungeon.
             The game lasted 00:17:09 (7729 turns).

Lanoc the Party-goer (Formicid Fighter)             Turns: 7729, Time: 00:17:10

Health: -4/84      AC: 19    Str: 22    XL:     11   Next: 52%
Magic:  6/6        EV: 16    Int: 13    God:    Uskayaw [*.....]
Gold:   360        SH: 12    Dex: 18    Spells: 10/10 levels left

rFire    . . .     SeeInvis +   i - +5 broad axe (antimagic)
rCold    + + .     Gourm    .   c - +0 shield
rNeg     . . .     Faith    .   F - +2 chain mail {rC+}
rPois    +         Spirit   .   (helmet unavailable)
rElec    .         Reflect  .   v - +2 cloak {rPois}
rCorr    .         Harm     .   q - +2 pair of gloves
MR       .....                  (no boots)
Stlth    ..........             (no amulet)
HPRegen  0.24/turn              r - +6 ring of intelligence
MPRegen  0.10/turn              a - ring of protection from cold

@: agile, vulnerable
A: permanent stasis, dig shafts and tunnels, four strong arms, antennae 3
a: Dig, Shaft Self, Stomp, Renounce Religion


You were on level 11 of the Dungeon.
You worshipped Uskayaw.
Uskayaw was aware of your devotion.
You were not hungry.

You visited 2 branches of the dungeon, and saw 11 of its levels.

You collected 444 gold pieces.
You spent 84 gold pieces at shops.

Inventory:

Hand Weapons
 i - a +5 antimagic broad axe (weapon)
 o - the +6 falchion of Lanoc's Sudden Death {flame, SInv}
   (You found it on level 8 of the Dungeon)

   It has been specially enchanted to burn those struck by it, causing extra
   injury to most foes and up to half again as much damage against particularly
   susceptible opponents.
   Big, fiery blades are also staple armaments of hydra-hunters.
   It lets you see invisible.
Missiles
 g - 32 sling bullets
Armour
 c - a +0 shield (worn)
 q - a +2 pair of gloves (worn)
 v - a +2 cloak of poison resistance (worn)
 F - a +2 chain mail of cold resistance (worn)
Jewellery
 a - a ring of protection from cold (right hand)
 r - a +6 ring of intelligence (left hand)
Wands
 b - a wand of paralysis (6)
 u - a wand of random effects (25)
 G - a wand of digging (3)
 H - a wand of polymorph (6)
Scrolls
 l - a scroll of immolation
 m - 4 scrolls of remove curse
 s - a scroll of fear
 z - a scroll of enchant armour
Potions
 d - 3 potions of might
 h - a potion of cancellation {unknown}
 j - 2 potions of invisibility
 k - a potion of mutation
 t - 2 potions of flight
 x - 2 potions of lignification
Comestibles
 f - 15 rations
 n - 5 chunks of flesh


   Skills:
 + Level 7.5 Fighting
 * Level 9.2 Axes
 + Level 7.6 Armour
 + Level 5.4 Dodging
 + Level 8.4 Shields
 * Level 9.4 Invocations


You had 10 spell levels left.
You didn't know any spells.
Your spell library was empty.

Dungeon Overview and Level Annotations

Branches:
Dungeon (11/15)            Temple (1/1) D:5            Lair (0/6) D:8
    Orc (0/2) D:10

Altars:
Ashenzari
Cheibriados
Elyvilon
Gozag
Kikubaaqudgha
Makhleb
Nemelex Xobeh
Okawaru
Qazlal
Ru
Sif Muna
Trog
Uskayaw
Vehumet
Wu Jian
Xom
Yredelemnul
Zin
Beogh

Shops:
D:6 ?   D:8 (   D:11 (


Innate Abilities, Weirdness & Mutations

You cannot be hasted, slowed, berserked, paralysed or teleported.
You can dig through walls and to a lower floor.
Your four strong arms can wield two-handed weapons with a shield.
You have a pair of large antennae on your head. (SInv)


Message History

An electric eel comes into view. x2
You block the water elemental's attack.
The death knight offers itself to Yredelemnul, and fills with unholy energy.
The water elemental hits you.
* * * LOW HITPOINT WARNING * * *
The water elemental engulfs you in water!
You slip free of the water engulfing you.
You gasp with relief as air once again reaches your lungs.
The electric eel shoots out a bolt of lightning at you!
The bolt of electricity hits you but does no damage.
The bolt of electricity hits you!
* * * LOW HITPOINT WARNING * * *
The water elemental hits you.
It was a potion of agility.
You feel agile all of a sudden.
The electric eel shoots out a bolt of lightning at you!
The bolt of electricity hits you.
* * * LOW HITPOINT WARNING * * *
The bolt of electricity hits you!
You die...

≈≈≈.≈≈≈≈≈≈≈≈≈≈≈..#
♣♣≈≈≈♣♣♣≈.≈♣♣♣≈≈.#
♣≈.≈♣ ♣≈.≈♣ ♣≈≈p#
♣≈≈≈♣♣♣≈≈≈♣♣♣≈≈.#
≈≈≈≈≈≈≈≈≈≈≈≈≈≈..#
..≈.≈≈..≈≈≈≈≈≈...#
≈≈≈.≈≈≈≈≈≈≈≈≈≈;..#
♣♣♣≈≈≈♣♣♣≈E.# ♣≈.≈
♣≈≈@# ♣≈. ♣≈..#
≈W≈≈ ;≈≈≈≈%#
≈)≈..≈..≈≈≈.#
≈≈≈≈≈≈≈≈≈≈..#
≈≈♣♣♣≈≈.# ≈≈ ♣≈..#
♣≈..#


You could see a death knight, a water elemental and 2 electric eels.

Vanquished Creatures
  Erolcha (D:10)
  An unseen horror (D:10)
  The ghost of Wired the Skirmisher, a novice OgBe of Trog (D:6)
  Maurice (D:10)
  2 trolls (D:9)
  A meliai zombie (D:11)
  A hippogriff (D:10)
  A spriggan (D:8)
  2 wraiths
  Grum (D:9)
  5 yaks (D:11)
  3 hungry ghosts
  Menkaure (D:4)
  Duvessa (D:5)
  4 orc warriors (D:10)
  A black bear (D:8)
  3 ogres
  3 sky beasts
  2 ice beasts
  2 wolves (D:9)
  A crocodile (D:10)
  5 bullfrogs
  A wyvern zombie (D:9)
  Dowan (D:5)
  2 scorpions (D:10)
  A howler monkey (D:5)
  3 electric eels (D:11)
  3 crimson imps
  A centaur zombie (D:8)
  A quasit (D:11)
  2 bullfrog zombies
  Crazy Yiuf (D:4)
  5 hounds
  3 jellies
  2 bullfrog skeletons
  5 orc priests
  2 orc wizards
  4 centaur skeletons
  2 iguanas (D:9)
  6 worker ants
  11 adders
  7 gnolls
  A shadow imp (D:6)
  An ooze (D:5)
  An adder zombie (D:10)
  An adder skeleton (D:7)
  3 worms
  4 leopard geckos
  38 orcs
  A giant cockroach (D:1)
  4 goblins
  3 jackals (D:2)
  A kobold (D:1)
  A quokka (D:7)
  A ball python (D:4)
  3 bats
  A frilled lizard (D:2)
  A leopard gecko skeleton (D:8)
  A leopard gecko zombie (D:9)
  A quokka skeleton (D:9)
  2 rats (D:1)
175 creatures vanquished.

Notes
Turn   | Place    | Note
-------+----------+-------------------------------------------
     0 | D:1      | Lanoc the Formicid Fighter began the quest for the Orb.
     0 | D:1      | Reached XP level 1. HP: 18/18 MP: 1/1
   113 | D:1      | Reached XP level 2. HP: 24/24 MP: 2/2
   239 | D:2      | Reached XP level 3. HP: 19/29 MP: 3/3
   575 | D:2      | You fall through a shaft for 2 floors!
   575 | D:4      | Found a sacrificial altar of Ru.
   639 | D:4      | Noticed Menkaure
   647 | D:4      | HP: 1/29 [Menkaure/nerve-wracking pain (8)]
   648 | D:4      | Killed Menkaure
   648 | D:4      | Reached skill level 1 in Dodging
   648 | D:4      | Reached XP level 4. HP: 2/37 MP: 4/4
   648 | D:4      | Reached XP level 5. HP: 2/42 MP: 5/5
  1001 | D:4      | Reached XP level 6. HP: 17/48 MP: 6/6
  1456 | D:4      | Found a runed translucent door.
  1457 | D:4      | Noticed Crazy Yiuf
  1472 | D:4      | Killed Crazy Yiuf
  1710 | D:5      | Entered Level 5 of the Dungeon
  1727 | D:5      | Found a shimmering altar of Xom.
  1727 | D:5      | Found a shimmering altar of Xom.
  1728 | D:5      | Found a shimmering altar of Xom.
  1729 | D:5      | Found a shimmering altar of Xom.
  1746 | D:5      | Found a shimmering altar of Xom.
  1789 | D:5      | Noticed an ice beast
  1800 | D:5      | Killed an ice beast
  1800 | D:5      | Reached skill level 5 in Shields
  1800 | D:5      | Reached XP level 7. HP: 27/55 MP: 7/7
  1959 | D:5      | Found a staircase to the Ecumenical Temple.
  1969 | Temple   | Entered the Ecumenical Temple
  1978 | Temple   | Became a worshipper of Uskayaw the Reveler
  2076 | D:5      | Noticed Duvessa
  2076 | D:5      | Noticed Dowan
  2081 | D:5      | Reached * piety under Uskayaw
  2086 | D:5      | Reached ** piety under Uskayaw
  2095 | D:5      | Killed Duvessa
  2095 | D:5      | Reached skill level 1 in Invocations
  2095 | D:5      | Reached *** piety under Uskayaw
  2099 | D:5      | Killed Dowan
  2099 | D:5      | Reached **** piety under Uskayaw
  2114 | D:5      | Found an opulent altar of Gozag.
  2114 | D:5      | Found an ornate altar of the Wu Jian Council.
  2114 | D:5      | Found a white marble altar of Elyvilon.
  2114 | D:5      | Found a burning altar of Makhleb.
  2123 | D:5      | Found a sparkling altar of Nemelex Xobeh.
  2123 | D:5      | Found a sacrificial altar of Ru.
  2590 | D:6      | Reached skill level 5 in Axes
  2590 | D:6      | Reached XP level 8. HP: 61/61 MP: 9/9
  2596 | D:6      | Found a shimmering altar of Xom.
  2691 | D:6      | Found a bloodstained altar of Trog.
  2746 | D:6      | Found Fuhin's Magic Scroll Boutique.
  2766 | D:6      | Bought a scroll of identify for 24 gold pieces
  2766 | D:6      | Bought a scroll of remove curse for 36 gold pieces
  2766 | D:6      | Bought a scroll of identify for 24 gold pieces
  3065 | D:6      | Found a runed translucent door.
  3067 | D:6      | Noticed Wired's ghost (novice OgBe)
  3205 | D:6      | Reached skill level 5 in Fighting
  3205 | D:6      | Reached skill level 5 in Armour
  3220 | D:6      | Killed Wired's ghost
  3220 | D:6      | Reached XP level 9. HP: 20/68 MP: 10/12
  3659 | D:7      | Reached skill level 5 in Invocations
  4113 | D:8      | Found Bohac's Antique Weapon Boutique.
  4136 | D:8      | Got a dazzling falchion
  4137 | D:8      | Identified the +6 falchion of Lanoc's Sudden Death {flame,
                  | SInv} (You found it on level 8 of the Dungeon)
  4657 | D:8      | Found a staircase to the Lair.
  5400 | D:9      | Reached XP level 10. HP: 70/76 MP: 14/14
  5525 | D:9      | Noticed Grum
  5544 | D:9      | Reached ***** piety under Uskayaw
  5546 | D:9      | Killed Grum
  6430 | D:10     | Entered Level 10 of the Dungeon
  6672 | D:10     | Found a burning altar of Makhleb.
  6927 | D:10     | Noticed an unseen horror
  6948 | D:10     | Killed an unseen horror
  6979 | D:10     | Noticed Maurice
  7000 | D:10     | Killed Maurice
  7000 | D:10     | Reached XP level 11. HP: 80/84 MP: 17/17
  7058 | D:10     | Reached skill level 5 in Dodging
  7059 | D:10     | Found a staircase to the Orcish Mines.
  7061 | D:10     | Reached ****** piety under Uskayaw
  7071 | D:10     | Found a roughly hewn altar of Beogh.
  7335 | D:10     | Noticed Erolcha
  7349 | D:10     | Killed Erolcha
  7361 | D:10     | Identified a scroll of acquirement
  7557 | D:11     | Found Beubrock's Weapon Shoppe.
  7713 | D:11     | Noticed a death knight
  7729 | D:11     | Killed from afar by an electric eel

Levels and vault maps discovered:
D:1:      eino_arrival_water_cross, layout_loops_ring, hangedman_decor_riveting,
          hangedman_decor_clover_reticule
D:2:      layout_basic, first_ration
D:4:      layout_loops_ring, nicolae_ru_sacrificial_ziggurat, uniq_menkaure,
          uniq_crazy_yiuf_cottage
D:5:      layout_loops_ring, minmay_overflow_temple_hex,
          minmay_temple_entry_glass, xom_redecorated, uniq_duvessa
D:6:      layout_loops_ring, lemuel_crystal_altar, lemuel_doored_altar,
          serial_shops, shop_statue, ebering_ghost_sewer_d
D:7:      layout_loops_ring, nicolae_underground_beach
D:8:      layout_layer_cave, dpeg_oklobed_lair, serial_shops, shop, the_bakery
D:9:      layout_cave_pools, uniq_grum
D:10:     layout_rooms, david_orc_5, basic_altar, uniq_erolcha, uniq_maurice
D:11:     layout_rooms, serial_shops, shop, shop, nicolae_shop_waterfront,
          portal_ice_cave_entry_imps, kennysheep_boxes
Temple:   eino_temple_lava

Skill      XL: |  1  2  3  4  5  6  7  8  9 10 11 |
---------------+----------------------------------+-----
Fighting       | 4 5 6 7 |  7.5
Axes           | 3 4 5 6 7 8 9 |  9.2
Dodging        | 1 2 3 4 5 |  5.4
Shields        | 4 5 6 7 8 |  8.4
Armour         | 4 5 6 7 |  7.6
Invocations    | 2 4 6 8 9 |  9.4

Action                   |  1- 3 |  4- 6 |  7- 9 | 10-12 || total
-------------------------+-------+-------+-------+-------++-------
Melee: War axe           |    82 |    53 |   274 |   215 ||   624
       Falchion          |       |       |    18 |       ||    18
       Broad axe         |       |       |       |    43 ||    43
 Abil: Dig               |       |       |     1 |       ||     1
  Use: Potion            |     1 |       |       |     2 ||     3
       Scroll            |       |       |     7 |    13 ||    20
 Stab: Paralysed         |       |       |     6 |    31 ||    37
  Eat: Chunk             |       |     3 |     8 |    13 ||    24
       Ration            |       |       |     1 |       ||     1
Armor: Scale mail        |    29 |    19 |    77 |    58 ||   183
       Chain mail        |       |       |       |    65 ||    65
Dodge: Dodged            |    22 |    21 |    98 |   136 ||   277
Block: Shield            |    42 |    30 |   136 |   174 ||   382
       Rpst.: Falchion   |       |       |     2 |       ||     2

Table legend:
 A = Non-vault XP
 B = Vault XP
 C = Vault XP percentage of total XP
 D = Non-vault monster count
 E = Vault monster count
 F = Vault count percentage of total count
                 A         B        C        D         E       F
            +---------+---------+-------+---------+---------+-------
      Total |    7896 |    3889 |  33.0 |     137 |      38 |  21.7
            +---------+---------+-------+---------+---------+-------
        D:1 |      12 |       0 |   0.0 |       8 |       0 |   0.0
        D:2 |      34 |       0 |   0.0 |      10 |       0 |   0.0
        D:4 |     238 |     211 |  47.0 |      16 |       2 |  11.1
        D:5 |     229 |     223 |  49.3 |       5 |       2 |  28.6
        D:6 |     335 |     873 |  72.3 |      12 |       4 |  25.0
        D:7 |     450 |       0 |   0.0 |      16 |       0 |   0.0
        D:8 |    1082 |     211 |  16.3 |      14 |       1 |   6.7
        D:9 |    1175 |     422 |  26.4 |      15 |       3 |  16.7
       D:10 |    2130 |    1949 |  47.8 |      26 |      26 |  50.0
       D:11 |    2211 |       0 |   0.0 |      15 |       0 |   0.0
            +---------+---------+-------+---------+---------+-------
